[Event "ETCC Women 2013"]
[Site "Warsaw"]
[Date "2013.11.15"]
[Round "7"]
[White "Papp, Petra"]
[Black "Pogonina, Natalija"]
[Result "0-1"]
[ECO "C78"]
[WhiteElo "2300"]
[BlackElo "2499"]
[PlyCount "170"]
[EventDate "2013.??.??"]
[EventCountry "POL"]
[WhiteTeam "Hungary"]
[BlackTeam "Russia"]
[WhiteTeamCountry "HUN"]
[BlackTeamCountry "RUS"]
[TimeControl "40/5400+30:1800+30"]

1. e4 e5 2. Nf3 Nc6 3. Bb5 a6 4. Ba4 Nf6 5. O-O b5 6. Bb3 Bb7 7. d3 Be7 8. a4 O-O 9. Re1 d6 10. Nbd2 Na5 11. Ba2 c5 12. Nf1 b4
13. c3 Rb8 14. Ne3 b3 15. Bb1 g6 16. Nc4 Bc8 17. Nfd2 Bg4 18.
f3 Be6 19. Ra3 d5 20. exd5 Nxd5 21. Nxa5 Qxa5 22. Nc4 Qc7 23.
Rxb3 Rbd8 24. Rxe5 Bf6 25. Re4 Bf5 26. Qf1 Bg7 27. Re1 Bd7 28.
Ra3 Nb6 29. Bc2 Bf5 30. Nxb6 Qxb6 31. Qe2 Qc6 32. Ra1 Rfe8 33.
Be3 Bh6 34. Qf2 Bxe3 35. Rxe3 Rxe3 36. Qxe3 c4 37. Rd1 cxd3 38.
Bxd3 Qxa4 39. Qe2 Bxd3 40. Rxd3 Qa1+ 41. Kf2 Rxd3 42. Qxd3 Qxb2+ 43. Kf1 Qb6 44. Qe4 h5 45. Qe8+ Kg7 46. Qe5+ Kf8 47. Qh8+ Ke7 48. Qe5+ Qe6 49. Qc7+ Kf6 50. Qf4+ Kg7 51. Qd4+ Qf6 52. Qb4 Qe5 53. f4 Qd5 54. c4 Qd4 55. g3 h4 56. gxh4 Qxf4+ 57. Kg2 Qg4+ 58. Kf2 Qxh4+ 59. Kg2 Qg4+ 60. Kf2 Qd4+ 61. Kg2 Kf6 62. Qa4 Qd2+ 63. Kg1 Qd6 64. Kg2 Kg5 65. Qa5+ f5 66. c5 Qd5+ 67. Kg1 Qd1+ 68. Kg2 Qe2+ 69. Kg1 Qd3 70. Qc7 Qd4+ 71. Kg2 Qd5+ 72. Kg1 Qd1+ 73. Kg2 Qe2+ 74. Kg1 f4 75. Qd8+ Kg4 76. Qd7+ Kh4 77. Qh7+ Kg5 78. h4+ Kf6 79. Qh8+ Kf5 80. Qc8+ Qe6 81. Qf8+ Kg4 82. Kf2 Qe3+ 83. Kg2 f3+ 84. Kh1 Qe1+ 85. Kh2 Qf2+ {[%emt 0:00:06] c6 g5+} 0-1

[Event "ETCC Women 2013"]
[Site "Warsaw"]
[Date "2013.11.15"]
[Round "7"]
[White "Puuska, Heini"]
[Black "Fakhiridou, Ekaterini"]
[Result "0-1"]
[ECO "A20"]
[WhiteElo "1982"]
[BlackElo "2168"]
[PlyCount "68"]
[EventDate "2013.??.??"]
[EventCountry "POL"]
[WhiteTeam "Finland"]
[BlackTeam "Greece"]
[WhiteTeamCountry "FIN"]
[BlackTeamCountry "GRE"]
[TimeControl "40/5400+30:1800+30"]

1. c4 e5 2. g3 d6 3. Bg2 Nc6 4. Nc3 g6 5. e4 Be6 6. d3 Qd7 7. Be3 Bg7 8. Nge2 Bh3 9. O-O Bxg2 10. Kxg2 Nd4 11. Bxd4 exd4 12. Nb5 c5 13. Qa4 Kf8 14. Qa5 b6 15. Qa6 h5 16. h3 Ne7 17. Nf4 h4 18. g4 g5 19. Nd5 Nxd5 20.
cxd5 Be5 21. a4 Kg7 22. Na3 Bf4 23. Nc4 Rhb8 24. Qb5 Qe7 25. Qc6 Rb7 26. Ra3 Rab8 27. Qb5 Be5 28. a5 bxa5 29. Qxa5 Rb4 30. Qxa7 R8b7 31. Qa6 Qf6 32. Ra2 Qf4 33. Rh1 Rb3 34. Ra3 Rxb2 0-1

[Event "ETCC Women 2013"]
[Site "Warsaw"]
[Date "2013.11.15"]
[Round "7"]
[White "Raeva, Elitsa"]
[Black "Kachiani-Gersinska, Ketino"]
[Result "1-0"]
[ECO "D80"]
[WhiteElo "2361"]
[BlackElo "2365"]
[PlyCount "63"]
[EventDate "2013.??.??"]
[EventCountry "POL"]
[WhiteTeam "Bulgaria"]
[BlackTeam "Germany"]
[WhiteTeamCountry "BUL"]
[BlackTeamCountry "GER"]
[TimeControl "40/5400+30:1800+30"]

1. d4 Nf6 2. c4 g6 3. Nc3 d5 4. Bg5 Ne4 5. h4 Nxg5 6. hxg5 dxc4 7.
e3 e6 8. Nf3 Be7 9. Bxc4 Bxg5 10. Qb3 O-O 11. d5 e5 12. Rd1 Bg4 13. d6 Bxf3 14. gxf3 cxd6 15. Qxb7 Nd7 16. Rxd6 Qc8 17. Qe4 Kg7 18. Qg4 Bf4 19. Ba6 Qc5 20. Rxd7 Bxe3 21. fxe3 Qxe3+ 22. Ne2 Rab8 23. b3 Rb6 24. Bc4 Rf6 25. Bd5 Rf5 26.
Qe4 Qb6 27. Rg1 Rh5 28. Rb7 Qf6 29. Rxa7 Rh2 30. Rb7 h5 31. a4 Rh4 32. Rxg6+ 1-0

[Event "ETCC Women 2013"]
[Site "Warsaw"]
[Date "2013.11.15"]
[Round "7"]
[White "Reppen, Ellisiv"]
[Black "Stojanovic, Andjelija"]
[Result "1/2-1/2"]
[ECO "B60"]
[WhiteElo "2008"]
[BlackElo "2293"]
[PlyCount "101"]
[EventDate "2013.??.??"]
[EventCountry "POL"]
[WhiteTeam "Norway"]
[BlackTeam "Serbia"]
[WhiteTeamCountry "NOR"]
[BlackTeamCountry "SRB"]
[TimeControl "40/5400+30:1800+30"]

1. e4 c5 2. Nf3 Nc6 3. d4 cxd4 4. Nxd4 Nf6 5. Nc3 d6 6. Bg5 Bd7 7. Be2 Nxd4 8.
Qxd4 Qa5 9. Bxf6 gxf6 10. O-O Rc8 11. Rad1 Qc5 12. Qxc5 Rxc5 13. Rd5 Rc8 14. Bb5 a6 15. Bxd7+ Kxd7 16. Rfd1 h5 17. Ra5 h4 18. Rd3 Bh6 19. Rh5 b5 20. a3 Bg7 21. Rxh8 Bxh8 22. Rh3 f5 23.
exf5 Rc4 24. Kf1 Kc6 25. Ke2 a5 26. Kd2 Bf6 27. Rf3 d5 28. g3 Bg5+ 29. Kd1 Bf6 30. Rd3 e6 31. fxe6 fxe6 32. Kd2 b4 33. axb4 axb4 34. Nd1 e5 35. Ne3 Rc5 36. Ng4 Bg5+ 37. Kd1 d4 38. Rb3 Kb5 39. f3 hxg3 40. hxg3 Be7 41. Nf2 Kc4 42. Ne4 Ra5 43. Nd2+ Kd5 44. Ke2 Ra1 45. Ne4 Rb1 46. g4 Rh1 47. Rd3 Rh2+ 48. Kd1 Rh1+ 49. Kd2 Rb1 50. Rb3 Kc4 51. Ke2 1/2-1/2

[Event "ETCC Women 2013"]
[Site "Warsaw"]
[Date "2013.11.15"]
[Round "7"]
[White "Revo, Tatiana"]
[Black "Messina, Roberta"]
[Result "0-1"]
[ECO "B90"]
[WhiteElo "2075"]
[BlackElo "2064"]
[PlyCount "82"]
[EventDate "2013.??.??"]
[EventCountry "POL"]
[WhiteTeam "Belarus"]
[BlackTeam "Italy"]
[WhiteTeamCountry "BLR"]
[BlackTeamCountry "ITA"]
[TimeControl "40/5400+30:1800+30"]

1. e4 c5 2. Nf3 d6 3. d4 cxd4 4. Nxd4 Nf6 5. Nc3 a6 6. Be3 e6 7. f3 b5 8. Qd2 Nbd7 9. g4 Nb6 10. a4 Nc4 11. Bxc4 bxc4 12. a5 Qc7 13. Na4 Rb8 14. O-O-O Nd7 15. g5 Bb7 16. h4 d5 17. h5 Ba8 18. g6 Rb4 19. gxf7+ Kxf7 20. Nb6 Nxb6 21. Nxe6 Kxe6 22. Bxb6 c3 23. exd5+ Kf7 24. Bxc7 cxd2+ 25. Rxd2 Be7 26. Rd3 Bf6 27. c3 Rc4 28. d6 Ke6 29. b3 Rxc3+ 30.
Rxc3 Bxc3 31. Kc2 Bf6 32. Re1+ Kd7 33. f4 Re8 34. Rxe8 Kxe8 35. Kd3 Bf3 36. h6 gxh6 37. b4 Kd7 38. Ke3 Bd5 39. Kd3 h5 40.
Ke3 h4 41. Kf2 Bd4+ 0-1

[Event "ETCC Women 2013"]
[Site "Warsaw"]
[Date "2013.11.15"]
[Round "7"]
[White "Schleining, Zoya"]
[Black "Stefanova, Antoaneta"]
[Result "1/2-1/2"]
[ECO "D15"]
[WhiteElo "2379"]
[BlackElo "2494"]
[PlyCount "92"]
[EventDate "2013.??.??"]
[EventCountry "POL"]
[WhiteTeam "Germany"]
[BlackTeam "Bulgaria"]
[WhiteTeamCountry "GER"]
[BlackTeamCountry "BUL"]
[TimeControl "40/5400+30:1800+30"]

1. d4 d5 2. c4 c6 3. Nf3 Nf6 4. Nc3 a6
5. a4 e6 6. Bg5 Nbd7 7. e3 Qa5 8. Qc2 Bb4 9. Nd2 c5 10. Be2 cxd4 11. exd4 dxc4 12. Bf4 Qb6 13. Nxc4 Qxd4 14. Bd6 Bxd6 15. Rd1 Qc5 16. Nxd6+ Kf8 17. O-O g6 18. Rfe1 Ne5 19. Qd2 Kg7 20. Qf4 Ned7 21. Bc4 Rf8 22. Re3 Nh5 23. Qh4 Ndf6 24. Be2 g5 25. Qh3 Nf4 26.
Qg3 h6 27. h4 Nxe2+ 28. Rxe2 Nh5 29. Qe5+ Qxe5 30. Rxe5 Kg6 31.
hxg5 hxg5 32. Nc4 b5 33. axb5 axb5 34. Rxb5 f6 35. Nb6 Rb8 36. Nxc8 Rfxc8 37. Rxb8 Rxb8 38. Rd2 g4 39. g3 f5 40. Kf1 e5 41. Rd5 Rxb2 42. Rxe5 f4 43. gxf4 Nxf4 44. Re4 Kf5 45. Rc4 Rc2 46. Nd1 Rxc4 1/2-1/2

[Event "ETCC Women 2013"]
[Site "Warsaw"]
[Date "2013.11.15"]
[Round "7"]
[White "Seps, Monika"]
[Black "Franciskovic, Borka"]
[Result "1/2-1/2"]
[ECO "A46"]
[WhiteElo "2260"]
[BlackElo "2263"]
[PlyCount "111"]
[EventDate "2013.??.??"]
[EventCountry "POL"]
[WhiteTeam "Switzerland"]
[BlackTeam "Croatia"]
[WhiteTeamCountry "SUI"]
[BlackTeamCountry "CRO"]
[TimeControl "40/5400+30:1800+30"]

1. d4 Nf6 2. Nf3 e6 3. Bg5 c5 4. e3 h6 5. Bh4 Be7 6. Bd3 cxd4 7. exd4 b6 8.
O-O O-O 9. c4 Bb7 10. Nc3 d5 11. Bxf6 Bxf6 12. cxd5 exd5 13. Rc1 Nc6 14. Bb1 Re8 15. Qd3 g6 16. Rfe1 Qd7 17. Qd2 Bg7 18. Bc2 Rxe1+ 19. Rxe1 Re8 20. Rxe8+ Qxe8 21. h4 h5 22. Ba4 Qe6 23. Bxc6 Bxc6 24. Qf4 Bf6 25. Ne5 Kg7 26. Kh2 a5 27. Ne2 Bb5 28. Ng1 Bd7 29. Ngf3 Qf5 30.
Qc1 Bd8 31. Kg1 f6 32. Nxd7 Qxd7 33. Qc2 Bc7 34. a4 Bd6 35. b3 Bb4 36. g3 Kf7 37. Kg2 Kg7 38. Kg1 Kf7 39. Kg2 Kg7 40. Qd3 Kf7 41. Ng1 Qe8 42. f3 Qc6 43. Ne2 Bd6 44. g4 hxg4 45. fxg4 Kg7 46. Kf2 Qc8 47. Qf3 Qe6 48. Nc3 Bb4 49. Nxd5 Be1+ 50. Kg2 Bxh4 51. Nf4 Qe1 52. d5 Qd2+ 53. Kh3 Bg5 54. Ne6+ Kf7 55. Nxg5+ Qxg5 56. Qe4 1/2-1/2

[Event "ETCC Women 2013"]
[Site "Warsaw"]
[Date "2013.11.15"]
[Round "7"]
[White "Shvayger, Yuliya"]
[Black "Olsarova, Tereza"]
[Result "1-0"]
[ECO "C45"]
[WhiteElo "2294"]
[BlackElo "2248"]
[PlyCount "81"]
[EventDate "2013.??.??"]
[EventCountry "POL"]
[WhiteTeam "Israel"]
[BlackTeam "Czech Republic"]
[WhiteTeamCountry "ISR"]
[BlackTeamCountry "CZE"]
[TimeControl "40/5400+30:1800+30"]

1. e4 e5 2. Nf3 Nc6 3. d4 exd4 4. Nxd4 Bc5 5. Nb3 Bb6 6. Nc3 d6 7. Qe2 Be6 8. Be3 Nf6 9. Bxb6 axb6 10. O-O-O Bxb3 11. cxb3 O-O 12. a3 Re8 13. Qc2 Qe7 14. f3 Qe5 15. Bc4 Na5 16. Nb5 Red8 17. Nxc7 Rac8 18. Nb5 d5 19. exd5 Nxd5 20. Rhe1 Qf6 21. Kb1 g6 22. Na7 Rc5 23.
Qd3 Rd7 24. Ka1 Qd8 25. Re4 Rxc4 26. Rxc4 Nc3 27. Rxc3 Rxd3 28.
Rdxd3 Qg5 29. b4 Nc6 30. Nxc6 bxc6 31. g3 c5 32. bxc5 bxc5 33. a4 Kg7 34. Rc4 Qe7 35. Rdc3 Qe2 36. a5 Qd1+ 37. Ka2 Qd5 38. Ka3 Qd1 39. Rxc5 Qa1+ 40. Kb3 Qd1+ 41. Ka2 1-0

[Event "ETCC Women 2013"]
[Site "Warsaw"]
[Date "2013.11.15"]
[Round "7"]
[White "Sikorova, Olga"]
[Black "Borsuk, Angela"]
[Result "1-0"]
[ECO "C41"]
[WhiteElo "2278"]
[BlackElo "2186"]
[PlyCount "65"]
[EventDate "2013.??.??"]
[EventCountry "POL"]
[WhiteTeam "Czech Republic"]
[BlackTeam "Israel"]
[WhiteTeamCountry "CZE"]
[BlackTeamCountry "ISR"]
[TimeControl "40/5400+30:1800+30"]

1. e4 d6 2. d4 Nf6 3. Nc3 e5 4. Nf3 Nbd7 5. Bc4 Be7 6. O-O O-O 7. a4 c6 8. a5 Rb8 9. Qe2 exd4 10. Nxd4 Ne5 11. Bb3 c5 12. Nf3 Bg4 13.
Bf4 Nxf3+ 14. gxf3 Be6 15. Rfd1 Nh5 16. Bg3 Qc8 17. Nd5 Bxd5 18. Rxd5 Nxg3 19. hxg3 b5 20. axb6 axb6 21. Ra7 Rb7 22. Qa6 Rxa7 23. Qxa7 Bf6 24. Qxb6 Bxb2 25. Rxd6 Bd4 26. Kg2 h6 27. Qa7 Bf6 28. Bd5 Be5 29. Rc6 Qd8 30.
Qxc5 Bb8 31. Bxf7+ Kh8 32. Be6 Qd1 33. Qxf8+ 1-0

[Event "ETCC Women 2013"]
[Site "Warsaw"]
[Date "2013.11.15"]
[Round "7"]
[White "Srebrnic, Ana"]
[Black "Ptacnikova, Lenka"]
[Result "1-0"]
[ECO "A04"]
[WhiteElo "2198"]
[BlackElo "2238"]
[PlyCount "97"]
[EventDate "2013.??.??"]
[EventCountry "POL"]
[WhiteTeam "Slovenia"]
[BlackTeam "Iceland"]
[WhiteTeamCountry "SLO"]
[BlackTeamCountry "ISL"]
[TimeControl "40/5400+30:1800+30"]

1. Nf3 b5 2. e4 Bb7 3. Bxb5 Bxe4 4. O-O c6 5. Be2 Nf6 6. d4 e6 7. c4 Qc7 8. Nc3 Bg6 9. c5 Be7 10. Bg5 h6 11. Bh4 Qb7 12. Qb3 Qxb3 13. axb3 d6 14. b4 O-O 15. Ra3 Rd8 16. Rfa1 Rd7 17. Na4 Bd8 18. cxd6 Rxd6 19. Bg3 Rd5 20. Bc4 Rh5 21. Ne5 Be4 22. Nc5 Bb6 23. Be2 Rf5 24. Nc4 Bxc5 25.
bxc5 Nbd7 26. f3 Bd5 27. Nd6 Rg5 28. Bf4 Rb8 29. Bxg5 hxg5 30. Rb1 Rb4 31. Rxa7 Rxd4 32. Ra8+ Nf8 33. b4 g6 34. Rb2 Kg7 35. b5 cxb5 36. Nxb5 Rf4 37. g3 Rf5 38. Ra7 Bxf3 39. Bxf3 Rxc5 40. Nd6 N8d7 41. Ne8+ Nxe8 42. Rxd7 Nf6 43. Ra7 Ng8 44. g4 Nh6 45. Kg2 Rc3 46. Rb5 Rc2+ 47. Kg3 Kf6 48. Raa5 Rc4 49. Rxg5 1-0

[Event "ETCC Women 2013"]
[Site "Warsaw"]
[Date "2013.11.15"]
[Round "7"]
[White "Stoeri, Laura"]
[Black "Saric, Kristina"]
[Result "1-0"]
[ECO "B51"]
[WhiteElo "2102"]
[BlackElo "2250"]
[PlyCount "61"]
[EventDate "2013.??.??"]
[EventCountry "POL"]
[WhiteTeam "Switzerland"]
[BlackTeam "Croatia"]
[WhiteTeamCountry "SUI"]
[BlackTeamCountry "CRO"]
[TimeControl "40/5400+30:1800+30"]

1. e4 c5 2. Nf3 d6 3. Bb5+ Nd7 4. O-O Ngf6 5. Re1 a6 6. Bxd7+ Bxd7 7. c3 e6 8. d4 cxd4 9. cxd4 d5 10. e5 Ne4 11. Nbd2 Nxd2 12. Bxd2 Be7 13. Rc1 O-O 14. Qb3 Bc6 15. Bb4 Rc8 16. Rc3 Re8 17. Bxe7 Qxe7 18. Rec1 h6 19. h3 Qd7 20. Qc2 Qd8 21. Qd2 Qd7 22. Nh2 Qe7 23.
Ng4 Kh7 24. Rf3 Rg8 25. Rcc3 Rc7 26. Rf6 Qf8 27. Rg3 g6 28. Rgf3 Rh8 29. Rxg6 Kxg6 30. Nf6 Bb5 31. Qf4 1-0

[Event "ETCC Women 2013"]
[Site "Warsaw"]
[Date "2013.11.15"]
[Round "7"]
[White "Szczepkowska-Horowska, Karina"]
[Black "Javakhishvili, Lela"]
[Result "1/2-1/2"]
[ECO "B46"]
[WhiteElo "2382"]
[BlackElo "2423"]
[PlyCount "84"]
[EventDate "2013.??.??"]
[EventCountry "POL"]
[WhiteTeam "Poland"]
[BlackTeam "Georgia"]
[WhiteTeamCountry "POL"]
[BlackTeamCountry "GEO"]
[TimeControl "40/5400+30:1800+30"]

1. e4 c5 2. Nf3 e6 3. d4 cxd4 4. Nxd4 Nc6 5. Nc3 a6 6. Be2 Nf6 7. O-O d6 8.
Be3 Be7 9. f4 O-O 10. Qe1 Nxd4 11. Bxd4 b5 12. a3 Bb7 13. Bd3 Nd7 14. Qg3 e5 15. Be3 Bh4 16. Qh3 exf4 17. Rxf4 Bg5 18. e5 h6 19. Rg4 Bxe3+ 20. Qxe3 dxe5 21. Qg3 g5 22. Rf1 Nc5 23. Qxe5 Nxd3 24. cxd3 Qb6+ 25. d4 f6 26. Qe3 f5 27. Rg3 Rae8 28. Qf2 a5 29. b4 axb4 30.
axb4 Qd6 31. d5 f4 32. Rd3 Qxb4 33. Qb6 Qe7 34. Qxh6 b4 35. Ne4 Qg7 36. Qxg7+ Kxg7 37. Nd6 Re7 38. Rb1 Rd7 39. Nxb7 Rxb7 40. d6 Rd8 41. Rdb3 Rxd6 42. Rxb4 Rxb4 1/2-1/2

[Event "ETCC Women 2013"]
[Site "Warsaw"]
[Date "2013.11.15"]
[Round "7"]
[White "Thorsteinsdottir, Hallgerdur"]
[Black "Kaps, Darja"]
[Result "1/2-1/2"]
[ECO "B12"]
[WhiteElo "1951"]
[BlackElo "2221"]
[PlyCount "141"]
[EventDate "2013.??.??"]
[EventCountry "POL"]
[WhiteTeam "Iceland"]
[BlackTeam "Slovenia"]
[WhiteTeamCountry "ISL"]
[BlackTeamCountry "SLO"]
[TimeControl "40/5400+30:1800+30"]

1. e4 c6 2. d4 g6 3. Nc3 d5 4. f4 Bg7 5. Nf3 Bg4 6. e5 h5 7. h3 Bxf3 8.
Qxf3 e6 9. h4 Nh6 10. Be3 Bf8 11. Ne2 Nd7 12. c3 a5 13. Nc1 a4 14. Nd3 Be7 15. g3 Qc7 16. Be2 Nf5 17. O-O Kf8 18. Rfc1 Kg7 19. Rc2 c5 20.
dxc5 Nxc5 21. Bxc5 Bxc5+ 22. Nxc5 Qxc5+ 23. Qf2 Rhc8 24. Qxc5 Rxc5 25. Kf2 Rac8 26. Rd2 a3 27. Bd3 axb2 28. Rxb2 Rxc3 29. Bxf5 gxf5 30. Rxb7 Rc2+ 31. Kg1 Rc1+ 32. Rxc1 Rxc1+ 33.
Kf2 Rc2+ 34. Kf3 Rxa2 35. Rd7 Ra8 36. Ke3 Kg6 37. Re7 Ra6 38.
Rd7 f6 39. Re7 fxe5 40. fxe5 Ra3+ 41. Kf2 f4 42. Rxe6+ Kf5 43.
Rf6+ Kxe5 44. Rxf4 d4 45. Rf8 Ke4 46. Rf4+ Ke5 47. Rf8 Ra5 48. Kf3 Ra1 49. Ke2 Ra2+ 50. Kf3 Ra7 51. Ke2 Rg7 52. Kf3 Rg6 53.
Rf7 Rg8 54. Re7+ Kd5 55. Rf7 Kc4 56. Rc7+ Kd3 57. Rc5 Rf8+ 58.
Kg2 Rh8 59. Kf3 Kd2 60. g4 hxg4+ 61. Kxg4 Rd8 62. h5 d3 63. h6 Kd1 64. Kg5 d2 65. Ra5 Ke2 66. Ra2 Ke3 67. Rxd2 Rxd2 68. h7 Rh2 69. Kg6 Kf4 70. Kg7 Rxh7+ 71. Kxh7 1/2-1/2

[Event "ETCC Women 2013"]
[Site "Warsaw"]
[Date "2013.11.15"]
[Round "7"]
[White "Tsolakidou, Stavroula"]
[Black "Nazarova, Anastasia"]
[Result "1/2-1/2"]
[ECO "B36"]
[WhiteElo "2117"]
[BlackElo "1727"]
[PlyCount "80"]
[EventDate "2013.??.??"]
[EventCountry "POL"]
[WhiteTeam "Greece"]
[BlackTeam "Finland"]
[WhiteTeamCountry "GRE"]
[BlackTeamCountry "FIN"]
[TimeControl "40/5400+30:1800+30"]

1. e4 c5 2. Nf3 g6 3. d4 cxd4 4. Nxd4 Nc6 5. c4 Nf6 6. Nc3 d6 7. Be2 Nxd4 8.
Qxd4 Bg7 9. Be3 O-O 10. Qd2 a5 11. O-O a4 12. Rad1 Be6 13. Bd4 Qa5 14. f4 Rfc8 15. b3 axb3 16. axb3 Qb4 17. f5 Bd7 18. Qe3 Ra5 19. fxg6 hxg6 20. Bxf6 Bxf6 21. Nd5 Rxd5 22. exd5 Be5 23. Bd3 Kg7 24. Bb1 Rh8 25. g3 Ra8 26. Rf2 Ra3 27. Rdf1 Be8 28. Bc2 f6 29. g4 Qxc4 30.
bxc4 Rxe3 31. Rb1 g5 32. Rxb7 Bd4 33. Kf1 Kf8 34. Re2 Rf3+ 35.
Kg2 Rf4 36. Bf5 e5 37. Rb8 Ke7 38. Ra2 e4 39. Raa8 Rf2+ 40. Kg3 Rf3+ 1/2-1/2

[Event "ETCC Women 2013"]
[Site "Warsaw"]
[Date "2013.11.15"]
[Round "7"]
[White "Tuominen, Tanja"]
[Black "Pavlidou, Ekaterini"]
[Result "1-0"]
[ECO "B30"]
[WhiteElo "2105"]
[BlackElo "2199"]
[PlyCount "65"]
[EventDate "2013.??.??"]
[EventCountry "POL"]
[WhiteTeam "Finland"]
[BlackTeam "Greece"]
[WhiteTeamCountry "FIN"]
[BlackTeamCountry "GRE"]
[TimeControl "40/5400+30:1800+30"]

1. e4 c5 2. Nf3 Nc6 3. c3 d5 4. exd5 Qxd5 5. d4 Bf5 6. Na3 cxd4 7. Bc4 Qe4+ 8. Kf1 e6 9. Nb5 d3 10. Nfd4 Nxd4 11. Nxd4 O-O-O 12. f3 Qe5 13. Bxd3 Bc5 14. Bxf5 exf5 15. Qc2 Qd5 16. Bf4 Ne7 17. Bg3 Rhe8 18. b3 Bxd4 19. cxd4+ Nc6 20. Rd1 g5 21. h4 f4 22. Bf2 g4 23. fxg4 Re4 24. Kg1 Kb8 25. Kh2 h5 26. gxh5 Rg8 27. Rhg1 Rg4 28.
Qc5 Qd8 29. Rge1 Qg8 30. Rxe4 Rxg2+ 31. Kh1 Qg4 32. Qd6+ Kc8 33.
Re8+ 1-0

[Event "ETCC Women 2013"]
[Site "Warsaw"]
[Date "2013.11.15"]
[Round "7"]
[White "Unuk, Laura"]
[Black "Finnbogadottir, Tinna Kristin"]
[Result "1-0"]
[ECO "D09"]
[WhiteElo "1991"]
[BlackElo "1882"]
[PlyCount "111"]
[EventDate "2013.??.??"]
[EventCountry "POL"]
[WhiteTeam "Slovenia"]
[BlackTeam "Iceland"]
[WhiteTeamCountry "SLO"]
[BlackTeamCountry "ISL"]
[TimeControl "40/5400+30:1800+30"]

1. d4 d5 2. c4 e5 3. dxe5 d4 4. Nf3 Nc6 5. g3 Nge7 6. Bg2 Ng6 7. Qb3 Bb4+ 8. Nbd2 O-O 9. O-O a5 10. Rd1 Bf5 11. a3 a4 12. Qa2 Bc2 13.
Rf1 Bxd2 14. Nxd2 Ngxe5 15. b4 axb3 16. Nxb3 Nb4 17. Qb2 Nxc4 18. Qxd4 Bxb3 19. Qc3 Ba4 20. Qxb4 Nd6 21. Bf4 Bc6 22. Bxc6 bxc6 23. Rfd1 Qe7 24. Bxd6 cxd6 25. Rxd6 h6 26. e3 Rfc8 27. Rxc6 Qxb4 28. Rxc8+ Qf8 29. Rxf8+ Kxf8 30. a4 Ke7 31. a5 Kd6 32. Kg2 Ra6 33.
f4 f5 34. Kf3 Kc5 35. g4 g6 36. h4 Kd5 37. h5 fxg4+ 38. Kxg4 Ke4 39. Ra3 gxh5+ 40. Kxh5 Kf3 41. Kh4 Ke4 42. Kg3 Rg6+ 43. Kf2 Ra6 44. Ra4+ Kf5 45. Kf3 Kf6 46. e4 Kg6 47. Kg4 Kf6 48. Kh5 Kf7 49. f5 Kg7 50.
e5 Kf7 51. Ra3 Ke7 52. f6+ Ke6 53. Kxh6 Kxe5 54. Kg7 Ke6 55. f7 Ra7 56. Kg8 1-0

[Event "ETCC Women 2013"]
[Site "Warsaw"]
[Date "2013.11.15"]
[Round "7"]
[White "Ushenina, Anna"]
[Black "Kadziolka, Beata"]
[Result "1/2-1/2"]
[ECO "A87"]
[WhiteElo "2492"]
[BlackElo "2327"]
[PlyCount "80"]
[EventDate "2013.??.??"]
[EventCountry "POL"]
[WhiteTeam "Ukraine"]
[BlackTeam "Poland"]
[WhiteTeamCountry "UKR"]
[BlackTeamCountry "POL"]
[TimeControl "40/5400+30:1800+30"]

1. d4 f5 2. Nf3 Nf6 3. c4 g6 4. g3 Bg7 5. Bg2 O-O 6. O-O c6 7. Nc3 Na6 8. a3 Ne4 9. Qc2 d5 10. cxd5 cxd5 11. Bf4 b6 12. Be5 Bb7 13. Bxg7 Kxg7 14. Qb3 Nxc3 15. Qxc3 Rc8 16. Qb3 Qd6 17. Ne5 Nc7 18. e3 Ne8 19. Qa4 a6 20. Rfc1 Nf6 21. Bf1 Rc7 22. Rxc7 Qxc7 23. Nd3 Rc8 24. Qb4 Qd6 25. Qe1 Ne4 26. Rc1 Rc7 27. f3 Nf6 28. a4 Nd7 29. Qd2 a5 30.
Rxc7 Qxc7 31. b4 Kf7 32. Kf2 Ba6 33. b5 Bb7 34. Be2 e6 35. Qb2 Nf6 36. Ne5+ Kg7 37. Qa3 Ne8 38. Bd3 Nd6 39. h4 Nf7 40. Nxf7 Kxf7 1/2-1/2

[Event "ETCC Women 2013"]
[Site "Warsaw"]
[Date "2013.11.15"]
[Round "7"]
[White "Van Weersel, Arlette"]
[Black "Umudova, Nargiz"]
[Result "1-0"]
[ECO "B01"]
[WhiteElo "2180"]
[BlackElo "2253"]
[PlyCount "59"]
[EventDate "2013.??.??"]
[EventCountry "POL"]
[WhiteTeam "Netherlands"]
[BlackTeam "Azerbaijan"]
[WhiteTeamCountry "NED"]
[BlackTeamCountry "AZE"]
[TimeControl "40/5400+30:1800+30"]

1. e4 d5 2. exd5 Qxd5 3. Nc3 Qa5 4. Bc4 Nf6 5. d3 Bg4 6.
Nge2 c6 7. O-O Nbd7 8. f3 Qb6+ 9. Kh1 Bf5 10. Ng3 Bg6 11. f4 h6 12. f5 Bh7 13. Qe2 Bg8 14. Rb1 O-O-O 15. Be3 Qc7 16. Bf4 Qb6 17. b4 a6 18.
a4 e5 19. fxe6 fxe6 20. b5 axb5 21. axb5 Nd5 22. bxc6 Qxc6 23.
Bxd5 exd5 24. Nb5 Bc5 25. d4 Bb6 26. Nd6+ Kb8 27. Nf7+ Kc8 28.
Nxh8 Bxd4 29. Nf5 Bf6 30. Nd6+ 1-0

[Event "ETCC Women 2013"]
[Site "Warsaw"]
[Date "2013.11.15"]
[Round "7"]
[White "Voiska, Margarita"]
[Black "Michna, Marta"]
[Result "1-0"]
[ECO "A56"]
[WhiteElo "2298"]
[BlackElo "2357"]
[PlyCount "81"]
[EventDate "2013.??.??"]
[EventCountry "POL"]
[WhiteTeam "Bulgaria"]
[BlackTeam "Germany"]
[WhiteTeamCountry "BUL"]
[BlackTeamCountry "GER"]
[TimeControl "40/5400+30:1800+30"]

1. d4 Nf6 2. c4 c5 3. d5 e5 4. Nc3 d6 5. e4 Be7 6. g3 O-O 7. Bg2 Ne8 8. Nge2 Nc7 9. O-O Nd7 10. a4 Rb8 11. Be3 a6 12. a5 b5 13. axb6 Nxb6 14. b3 Bg5 15. f4 Bh6 16.
Qd2 Re8 17. Nc1 Nd7 18. h3 exf4 19. gxf4 Qh4 20. Rb1 Nf6 21. f5 Bxe3+ 22. Qxe3 Nd7 23. Nd3 Ne5 24. Nxe5 Rxe5 25. Na2 a5 26. Nc1 a4 27. Nd3 Re8 28. bxa4 Rxb1 29. Rxb1 Bxf5 30. Qf2 Qxf2+ 31. Nxf2 Bc8 32. Rb6 Rd8 33. e5 dxe5 34. Nd3 f6 35. Nxc5 Ne8 36. Ne4 f5 37. Nc3 Nd6 38.
c5 Nc4 39. Rb8 Kf8 40. d6 Ke8 41. Bc6+ 1-0

[Event "ETCC Women 2013"]
[Site "Warsaw"]
[Date "2013.11.15"]
[Round "7"]
[White "Vojinovic, Jovana"]
[Black "Machlik, Monika"]
[Result "1-0"]
[ECO "A06"]
[WhiteElo "2352"]
[BlackElo "1936"]
[PlyCount "51"]
[EventDate "2013.??.??"]
[EventCountry "POL"]
[WhiteTeam "Serbia"]
[BlackTeam "Norway"]
[WhiteTeamCountry "SRB"]
[BlackTeamCountry "NOR"]
[TimeControl "40/5400+30:1800+30"]

1. Nf3 d5 2. g3 c6 3. Bg2 Nf6 4. c4 dxc4 5. O-O Bf5 6. a4 e6 7. Na3 Be7 8. Nxc4 O-O 9. d3 h6 10. Qb3 Qc8 11. Bf4 Rd8 12. Rfc1 Na6 13.
Na5 Bb4 14. Bd2 Bxd2 15. Nxd2 Rb8 16. Qa3 Nc7 17. b4 Qd7 18. Ndb3 Nce8 19. Nc5 Qe7 20. Ncxb7 Rxb7 21. Nxc6 Qd7 22. Nxd8 Rb8 23.
Nc6 Rb6 24. b5 Bh7 25. a5 Rxb5 26. Ne7+ 1-0

[Event "ETCC Women 2013"]
[Site "Warsaw"]
[Date "2013.11.15"]
[Round "7"]
[White "Wisniowska, Klaudia"]
[Black "Mkrtchian, Lilit"]
[Result "0-1"]
[ECO "C18"]
[WhiteElo "2153"]
[BlackElo "2447"]
[PlyCount "70"]
[EventDate "2013.??.??"]
[EventCountry "POL"]
[WhiteTeam "Poland"]
[BlackTeam "Armenia"]
[WhiteTeamCountry "POL"]
[BlackTeamCountry "ARM"]
[TimeControl "40/5400+30:1800+30"]

1. e4 e6 2. d4 d5 3. Nc3 Bb4 4. e5 c5 5. a3 Bxc3+ 6. bxc3 Qa5 7. Bd2 Qa4 8.
Qb1 c4 9. h4 Nc6 10. Ne2 Bd7 11. g3 O-O-O 12. Bh3 f6 13. O-O fxe5 14. dxe5 Nxe5 15. Nd4 Nf6 16. f3 Rde8 17. Re1 Ng6 18. Nxe6 Qa5 19. Kg2 Ne4 20. fxe4 Bxe6 21. Qb4 Bxh3+ 22. Kxh3 Qc7 23. Be3 b6 24. exd5 Qd7+ 25. Kh2 Ne5 26. Bf2 Nf3+ 27. Kg2 Nxe1+ 28. Rxe1 Qxd5+ 29. Kg1 Rxe1+ 30. Bxe1 Re8 31. Bf2 Kb7 32. a4 Re2 33. Qf8 Rxc2 34. Qxg7+ Ka6 35. Qf6 Rc1+ 0-1

[Event "ETCC Women 2013"]
[Site "Warsaw"]
[Date "2013.11.15"]
[Round "7"]
[White "Worek, Joanna"]
[Black "Lagno, Kateryna"]
[Result "1/2-1/2"]
[ECO "E73"]
[WhiteElo "2336"]
[BlackElo "2542"]
[PlyCount "63"]
[EventDate "2013.??.??"]
[EventCountry "POL"]
[WhiteTeam "Poland"]
[BlackTeam "Ukraine"]
[WhiteTeamCountry "POL"]
[BlackTeamCountry "UKR"]
[TimeControl "40/5400+30:1800+30"]

1. d4 Nf6 2. c4 g6 3. Nc3 Bg7 4. e4 d6 5. Be2 O-O 6. Bg5 c5 7. d5 h6 8. Be3 e6 9. dxe6 Bxe6 10. Nf3 Ng4 11. Bf4 Qb6 12. Qc1 Nc6 13. O-O Rfd8 14. Rb1 g5 15. Bg3 Nge5 16. Nxe5 dxe5 17. Nd5 Nd4 18. Bh5 Qd6 19. h4 f6 20.
Qd1 Qd7 21. f3 Qd6 22. Bf2 Rab8 23. Bxd4 exd4 24. Qd3 b5 25. b3 bxc4 26. bxc4 Rxb1 27. Rxb1 Rb8 28. Ne7+ Kf8 29. Ng6+ Kg8 30. Ne7+ Kf8 31. Ng6+ Kg8 32. Ne7+ 1/2-1/2